 Dungeon Crawl Stone Soup version 0.29-a0-998-g1987434951 (webtiles) character file.

Game seed: 12450988404605999249

3906 Essalna the Chiller (level 10, -3/103 HPs)
             Began as a White Draconian Transmuter on Aug 5, 2022.
             Slain by an orc warlord
             ... wielding a +6 broad axe
              (24 damage)
             ... in a bailey.
             The game lasted 00:23:32 (8861 turns).

Essalna the Chiller (White Draconian Transmuter)    Turns: 8861, Time: 00:23:32

Health: -3/103     AC:  8    Str: 14    XL:     10   Next: 0%
Magic:  10/13      EV: 11    Int: 17    God:
Gold:   2678       SH:  0    Dex: 11    Spells: 8/13 levels left

rFire   x . .      SeeInvis .     - Unarmed
rCold   + + +      Faith    .   (shield currently unavailable)
rNeg    + + .      Spirit   .   (body armour unavailable)
rPois   +          Reflect  .   (helmet currently unavailable)
rElec   .          Harm     .   (cloak currently unavailable)
rCorr   +          Rampage  .   (gloves currently unavailable)
Will    .....                   (boots currently unavailable)
Stlth   +.........              c - amulet of the Crown {rN++ Regen+}
HPRegen 1.07/turn               r - +4 ring of slaying
MPRegen 0.13/turn               u - ring of resist corrosion

@: ice-form
A: freezing attack, amphibious, boosted hp, (breathe frost), AC +7, large,
unfitting armour, (cold resistance 1), (cold-blooded)
a: End Transformation


You were in a bailey.
You were a creature of crystalline ice.
You visited 1 branch of the dungeon, and saw 7 of its levels.
You also visited: Sewer, Ossuary and Bailey.

You collected 2894 gold pieces.
You spent 216 gold pieces at shops.

Inventory:

Armour
 k - a +2 cloak (melded)
 t - a +1 pair of gloves (melded)
 K - the +1 pair of boots of the Immovable Teeth (melded) {Str+4 Int+6}
   (You acquired it in a bailey)

   Str:       It affects your strength (+4).
   Int:       It affects your intelligence (+6).
Jewellery
 c - the amulet of the Crown (around neck) {rN++ Regen+}
   (You acquired it on level 4 of the Dungeon)

   [amulet of regeneration]

   rN:        It greatly protects you from negative energy.
   Regen:     It increases your rate of health regeneration.
 g - an amulet of guardian spirit
 m - a ring of flight
 r - a +4 ring of slaying (left front paw)
 s - an amulet of the acrobat
 u - a ring of resist corrosion (right front paw)
 C - a +6 ring of intelligence
 G - a ring of protection from cold
Wands
 z - a wand of charming (5)
 F - a wand of flame (16)
Scrolls
 d - 3 scrolls of noise
 l - 2 scrolls of fear
 v - 2 scrolls of poison
 w - a scroll of teleportation
 y - a scroll of blinking
 E - 3 scrolls of magic mapping
 I - a scroll of identify {unknown}
 J - 3 scrolls of enchant weapon {unknown}
Potions
 a - a potion of cancellation {unknown}
 b - 2 potions of flight {unknown}
 e - 3 potions of degeneration {unknown}
 f - a potion of mutation {unknown}
 h - 6 potions of heal wounds
 i - 3 potions of ambrosia {unknown}
 j - a potion of resistance {unknown}
 n - 6 potions of curing
 o - 8 potions of haste {unknown}
 p - 2 potions of magic {unknown}
 q - 6 potions of brilliance {unknown}
 x - 3 potions of might {unknown}
 A - a potion of berserk rage {unknown}
 B - 4 potions of attraction {unknown}


   Skills:
 + Level 7.2 Fighting
 + Level 5.9 Dodging
 + Level 7.2 Unarmed Combat
 - Level 2.0 Spellcasting
 + Level 6.9 Transmutations
 + Level 7.4 Ice Magic


You had 8 spell levels left.
You knew the following spells:

 Your Spells              Type           Power      Damage    Failure   Level
a - Beastly Appendage     Tmut           50%        N/A       1%          1
b - Ice Form              Ice/Tmut       26%        N/A       10%         4

Your spell library contained the following spells:

 Spells                   Type           Power      Damage    Failure   Level
 Wereblood                Tmut           25%        N/A       1%          2
 Spider Form              Tmut/Pois      13%        N/A       14%         3
 Ignite Poison            Fire/Tmut/Pois 9%         N/A       22%         3
 Mephitic Cloud           Conj/Pois/Air  1%         N/A       50%         3
 Freezing Cloud           Conj/Ice/Air   5%         6-21      89%         5


Dungeon Overview and Level Annotations

Branches:
Dungeon (7/15)             Temple (0/1) D:7           Sewer (visited)
Ossuary (visited)          Bailey (1/1)

Altars:
Dithmenos
Elyvilon
Ru
Sif Muna
Vehumet
Yredelemnul
The Shining One

Shops:
D:1 [   D:4 ?

Annotations:
D:4 Sigmund


Innate Abilities, Weirdness & Mutations

You are a creature of crystalline ice.
You have a powerful freezing melee attack.
You are amphibious.
Your maximum health is increased.
Your armour is entirely melded.
You are incapable of wielding weapons or throwing items.
((You can breathe waves of freezing cold which knock back foes.))
((Your icy white scales are hard. (AC +7)))
You cannot fit into any form of body armour.
((Your flesh is cold resistant. (rC+)))
((You are cold-blooded and may be slowed by cold attacks.))


Message History

The grasping roots constrict the orc warlord.
The roots release their grip on the orc warlord.
Okay, then.
Your horns disappear.
Your talons disappear.
The +1 pair of boots of the Immovable Teeth {Str+4 Int+6} unmelds from your body.
You turn into a creature of crystalline ice.
Your +2 cloak melds into your body.
Your +1 pair of gloves melds into your body.
The +1 pair of boots of the Immovable Teeth {Str+4 Int+6} melds into your body.
The orc warlord is no longer blind.
The orc warlord hits you with a +6 broad axe!!
You hit the orc warlord. You freeze the orc warlord.
The orc warlord is heavily wounded.
The orc warlord barely misses you.
You punch the orc warlord! You freeze the orc warlord.
The orc warlord is heavily wounded.
The orc warlord hits you with a +6 broad axe!
You are too injured to fight recklessly!
You hit the orc warlord. You freeze the orc warlord.
The orc warlord is severely wounded.
The orc warlord hits you with a +6 broad axe!
You hit the orc warlord but do no damage.
The orc warlord is severely wounded.
You hit the orc warlord but do no damage.
The orc warlord is severely wounded.
The orc warlord hits you with a +6 broad axe!
You punch the orc warlord! You freeze the orc warlord.
The orc warlord is severely wounded.
The orc warlord hits you with a +6 broad axe!!
* * * LOW HITPOINT WARNING * * *
You feel much better.
The orc warlord hits you with a +6 broad axe!!!
* * * LOW HITPOINT WARNING * * *
You feel much better.
The orc warlord hits you with a +6 broad axe!
* * * LOW HITPOINT WARNING * * *
You hit the orc warlord. You freeze the orc warlord.
The orc warlord is severely wounded.
The orc warlord hits you with a +6 broad axe!!
You die...

##..8..8...#~~~)~#.........##
#..........#~~~))#..........#
#..........'.....'(.)(8..8..#≈
#...8...(..#########........#≈
##......####~~~#~~~##......##≈
##.....#~~#~.....)~#.....##..
##....#~........?~#....##...
#(..##~8.8.o.8.8##....#....
#)..'~~...Y.....#.....'....
#)(.'~~....∩....#.....'...∩
#...)~~.........#.....'....
#...##~8.8...8.8##....#....
##.)..#~........?~#....##...
##.....#~~#~.....:~#.....##..
##......####~~~#~~~##......##≈
#...8......#########........#≈
#..........'.....'....8..8..#≈


You could see an orc warlord.

Vanquished Creatures
  Grinder (D:5)
  Eustachio (D:4)
  Menkaure (D:6)
  Edmund (D:4)
  A water moccasin (D:6)
  An ice beast (D:5)
  2 sky beasts
  4 orc warriors (Bailey)
  A black bear (D:4)
  2 ogres (D:4)
  3 centaurs
  2 phantoms
  5 kobold brigands
  A bullfrog (D:6)
  Blork the orc (D:4)
  A gnoll sergeant (D:6)
  5 scorpions
  A necrophage (D:4)
  A howler monkey (D:6)
  4 jellies
  4 hounds
  A gnoll bouda (D:6)
  3 orc priests (D:3)
  2 iguanas
  Ijyb (D:5)
  4 orc wizards
  8 mummies (Ossuary)
  Robin (D:2)
  11 adders
  3 gnolls
  A river rat (D:3)
  A shadow imp (D:6)
  A white imp (D:6)
  2 ufetubi
  3 worms
  4 dart slugs
  30 orcs
  11 bats
  10 endoplasms
  6 giant cockroaches
  12 hobgoblins
  4 jackals
  24 kobolds
  4 quokkas
  6 ball pythons
  5 frilled lizards
  2 gnoll zombies (Ossuary)
  22 goblins
  3 kobold zombies (Ossuary)
  3 orc zombies (Ossuary)
  12 rats
243 creatures vanquished.

Vanquished Creatures (others)
  4 plants
4 creatures vanquished.

Grand Total: 247 creatures vanquished

Notes
Turn   | Place    | Note
-------+----------+-------------------------------------------
     0 | D:1      | Essalna the Draconian Transmuter began the quest for the
                  | Orb.
     0 | D:1      | Reached XP level 1. HP: 16/16 MP: 3/3
    62 | D:1      | Found Hegem's Armour Shoppe.
    78 | D:1      | Reached XP level 2. HP: 17/23 MP: 5/5
   307 | D:1      | Found a faded altar of an unknown god.
   311 | D:1      | Noticed a shining eye
   706 | D:1      | Noticed a great orb of eyes
   901 | D:1      | Noticed a floating eye
   906 | D:1      | Noticed a shining eye
  1015 | D:2      | Reached XP level 3. HP: 29/29 MP: 4/6
  1610 | D:2      | Noticed Robin
  1621 | D:2      | Killed Robin
  1649 | D:2      | Reached XP level 4. HP: 33/37 MP: 5/7
  1666 | D:2      | Learned a level 4 spell: Ice Form
  2365 | D:3      | Found a glowing drain.
  2369 | Sewer    | Entered a sewer
  2589 | Sewer    | Noticed a kobold brigand
  2603 | Sewer    | Killed a kobold brigand
  2604 | Sewer    | Reached skill level 1 in Ice Magic
  2604 | Sewer    | Reached XP level 5. HP: 19/45 MP: 3/8
  3021 | Sewer    | Reached XP level 6. HP: 21/51 MP: 1/9
  3380 | D:3      | Found a shimmering blue altar of Sif Muna.
  3460 | D:3      | HP: 1/51 [orc priest/+0 war axe (5)]
  3959 | D:3      | Identified the +5 sling "Jellybane" {flame, *Slow Will++
                  | Str+3 SInv}
  4181 | D:3      | Found a sacrificial altar of Ru.
  4259 | D:3      | Found a basalt altar of Yredelemnul.
  4399 | D:4      | Identified 3 scrolls of acquirement
  4399 | D:4      | Acquired the amulet of the Crown {rN++ Regen+}
  4411 | D:4      | Acquired 1263 gold pieces
  4413 | D:4      | Acquired 1032 gold pieces
  4419 | D:4      | Noticed Eustachio
  4461 | D:4      | Killed Eustachio
  4462 | D:4      | Your scales start taking on an icy white colour.
  4462 | D:4      | Reached XP level 7. HP: 29/59 MP: 8/10
  4462 | D:4      | Gained mutation: Your flesh is cold resistant. (rC+) [White
                  | Draconian growth]
  4611 | D:4      | Reached skill level 5 in Unarmed Combat
  4638 | D:4      | Noticed Sigmund
  4640 | D:4      | Noticed Edmund
  4649 | D:5      | Entered Level 5 of the Dungeon
  4726 | D:5      | Noticed Ijyb
  4878 | D:4      | Reached XP level 8. HP: 58/67 MP: 9/11
  5126 | D:4      | Killed Edmund
  5153 | D:4      | Reached skill level 5 in Transmutations
  5169 | D:4      | Reached skill level 5 in Fighting
  5208 | D:4      | Noticed Blork the orc
  5222 | D:4      | Killed Blork the orc
  5224 | D:4      | Found Exumeut's Magic Scroll Emporium.
  5232 | D:4      | Bought a scroll of teleportation for 36 gold pieces
  5232 | D:4      | Bought a scroll of enchant armour for 90 gold pieces
  5232 | D:4      | Bought a scroll of blinking for 90 gold pieces
  5444 | D:4      | Reached skill level 5 in Ice Magic
  5664 | D:5      | Killed Ijyb
  5947 | D:5      | Found a white marble altar of Elyvilon.
  6352 | D:5      | Noticed Grinder
  6369 | D:5      | Killed Grinder
  6376 | D:5      | Found a radiant altar of Vehumet.
  6757 | D:6      | Reached XP level 9. HP: 73/75 MP: 10/12
  7000 | D:6      | Reached skill level 5 in Dodging
  7081 | D:6      | Found a glowing golden altar of the Shining One.
  7106 | D:6      | Noticed Menkaure
  7110 | D:6      | Killed Menkaure
  8097 | D:7      | Found a shadowy altar of Dithmenos.
  8132 | D:7      | Found a staircase to the Ecumenical Temple.
  8203 | D:7      | Found a sand-covered staircase.
  8208 | Ossuary  | Entered an ossuary
  8519 | D:7      | Found a flagged portal.
  8527 | Bailey   | Entered a bailey
  8532 | Bailey   | Noticed an orc warlord
  8627 | Bailey   | Found a runed translucent gate.
  8629 | Bailey   | Found a runed translucent gate.
  8631 | Bailey   | Found a runed translucent gate.
  8645 | Bailey   | Reached XP level 10. HP: 78/86 MP: 9/13
  8821 | Bailey   | Acquired the +1 pair of boots of the Immovable Teeth {Str+4
                  | Int+6}
  8861 | Bailey   | Slain by an orc warlord

Illustrated notes

Levels and vault maps discovered:
D:1:      psy_arrival_dodecagon, layout_rooms,
          hellmonk_ecumenical_altar_watching_god, serial_shops,
          nicolae_lakefront_shop, nicolae_titane
D:2:      layout_basic, serial_rivers, chequers_serial_rivers_small_b,
          chequers_serial_rivers_micro_d, chequers_serial_rivers_large_a,
          chequers_serial_rivers_room_a, chequers_serial_rivers_marsh,
          chequers_serial_rivers_micro_a, uniq_robin
D:3:      layout_loops_ring, mainiacjoe_overflow_swirl,
          nicolae_overflow_hidden_temple, gup_sewer_entry_spiral,
          nicolae_eternal_life, minmay_three_crescents
D:4:      layout_basic, serial_shops, shop_scrolls, chequers_big_river,
          uniq_eustachio, uniq_blork_the_orc, uniq_sigmund, uniq_edmund
D:5:      layout_layer_cave, elyvilon_altar_5, vehumet_crystals,
          minmay_crossroads, uniq_ijyb, uniq_grinder
D:6:      minmay_razor_zed, layout_loops_ring, nicolae_tso_carved_into_rock,
          uniq_menkaure
D:7:      layout_rooms, nicolae_dithmenos_the_darkroom,
          minmay_temple_entry_mist, nicolae_ossuary_entry_false_entrances,
          enter_bailey_2, nrook_pool_corridor, dk_noncrumbling_4,
          kennysheep_generic_room_6
Bailey:   bailey_axe_bossmonster_kennysheep, bailey

Skill      XL: |  1  2  3  4  5  6  7  8  9 |
---------------+----------------------------+-----
Fighting       | 2 3 4 5 7 |  7.2
Transmutations | 3 4 5 6 |  6.9
Dodging        | 2 3 4 5 |  5.9
Unarmed Combat | 4 5 6 7 |  7.2
Ice Magic      | 1 3 4 5 7 |  7.4
Spellcasting   | |  2.0

Action                   |  1- 3 |  4- 6 |  7- 9 | 10-12 || total
-------------------------+-------+-------+-------+-------++-------
Melee: Unarmed           |   100 |   233 |   303 |    13 ||   649
       Headbutt          |    13 |    21 |    30 |       ||    64
       Kick              |    18 |    39 |    35 |       ||    92
       Tailslap          |     6 |    26 |    13 |       ||    45
       Punch             |     2 |     7 |     5 |       ||    14
 Cast: Beastly Appendage |    25 |    37 |    35 |     1 ||    98
       Ice Form          |       |       |    19 |     3 ||    22
 Abil: Breathe Frost     |       |       |    12 |       ||    12
Evoke: Wand              |       |       |       |     7 ||     7
  Use: Potion            |       |     3 |       |     2 ||     5
       Scroll            |       |     5 |     9 |     1 ||    15
 Stab: Sleeping          |     2 |       |       |       ||     2
       Distracted        |       |       |     1 |       ||     1
Armor: Skin              |    42 |   117 |   122 |       ||   281
Dodge: Dodged            |    74 |   170 |   159 |     3 ||   406

Table legend: (Time is in decaauts)
 A = Elapsed time spent in this place.
 B = Non-inter-level travel time spent in this place.
 C = Inter-level travel time spent in this place.
 D = Time resting spent in this place.
 E = Time spent auto-exploring this place.
 F = Levels seen in this place.
 G = Mean time per level.
                   A        B        C        D        E       F      G
               +--------+--------+--------+--------+--------+-----+--------+
         Total |   8894 |   8469 |    425 |    107 |   6673 |  10 |  889.4 |
       Dungeon |   7454 |   7029 |    425 |      3 |   5695 |   7 | 1064.9 |
         Sewer |    834 |    834 |      0 |    104 |    572 |   1 |  834.0 |
       Ossuary |    273 |    273 |      0 |      0 |    203 |   1 |  273.0 |
        Bailey |    332 |    332 |      0 |      0 |    203 |   1 |  332.0 |
               +--------+--------+--------+--------+--------+-----+--------+

Top non-repeatable levels by time:
     D:6: 1341 daAuts
     D:3: 1327 daAuts
     D:2: 1314 daAuts
     D:5: 1192 daAuts
     D:4: 1116 daAuts
     D:1: 981 daAuts
   Sewer: 834 daAuts
  Bailey: 332 daAuts
 Ossuary: 273 daAuts
     D:7: 180 daAuts
